 Dungeon Crawl Stone Soup version 0.23.0-28-g6fe0f4d (webtiles) character file.

Game seed: 419139436482248997

23 Borgoz the Ruffian (level 2, 0/25 HPs)
             Began as a Ghoul Warper on Feb 25, 2019.
             Shot with a stone by a goblin (1 damage)
             ... led by Robin
             ... on level 2 of the Dungeon.
             The game lasted 00:02:10 (584 turns).

Borgoz the Ruffian (Ghoul Warper)                    Turns: 584, Time: 00:02:11

Health: 0/25       AC:  5    Str: 14    XL:     2   Next: 95%
Magic:  4/4        EV: 11    Int:  8    God:
Gold:   35         SH:  0    Dex:  8    Spells: 5/5 levels left

rFire    . . .     SeeInvis .     - Unarmed
rCold    + . .     Gourm    .   (no shield)
rNeg     + + +     Faith    .   a - +2 leather armour
rPois    ∞         Spirit   .   (no helmet)
rElec    .         Reflect  .   (no cloak)
rCorr    .         Harm     .   (no gloves)
MR       .....                  (no boots)
Stlth    +.........             (no amulet)
HPRegen  0.00/turn              (no ring)
MPRegen  0.09/turn              (no ring)

@: very slightly contaminated, rotting
A: rotting body, claws 1, carnivore, cold resistance 1, negative energy
resistance 3, inhibited regeneration, torment resistance, unbreathing
a: no special abilities


You were on level 2 of the Dungeon.
You were not hungry.

You visited 1 branch of the dungeon, and saw 2 of its levels.

You collected 35 gold pieces.

Inventory:

Missiles
 d - 5 tomahawks of dispersal (quivered)
Armour
 a - a +2 leather armour (worn)
Comestibles
 f - a ration


   Skills:
 + Level 2.3 Fighting
 - Level 0.8 Throwing
 * Level 1.2 Armour
 + Level 1.9 Dodging
 * Level 1.0 Stealth
 * Level 2.7 Unarmed Combat
 + Level 2.0 Spellcasting
   Level 2.6 Translocations


You had 5 spell levels left.
You didn't know any spells.
Your spell library contained the following spells:

 Spells                   Type           Power        Failure   Level  Hunger
 Blink                    Tloc           N/A          22%         2    ###....
 Shroud of Golubria       Chrm/Tloc      #.........   36%         2    ###....
 Gell's Gravitas          Tloc           #.........   41%         3    ####...
 Lesser Beckoning         Tloc           #.........   41%         3    ####...
 Teleport Other           Tloc           #.......     41%         3    ####...
 Passage of Golubria      Tloc           N/A          82%         4    #####..


Dungeon Overview and Level Annotations

Branches:
Dungeon (2/15)

Altars:

Annotations:
D:2 Robin


Innate Abilities, Weirdness & Mutations

Your body is rotting away.
You thrive on raw meat.
You are immune to poison.
You have sharp fingernails.
You are carnivorous and can eat meat at any time.
Your flesh is cold resistant. (rC+)
You are immune to negative energy. (rN+++)
You do not regenerate when monsters are visible.
You are immune to unholy pain and torment.
You can survive without breathing.


Message History

Eat a chunk of flesh? (ye/n/q)
You eat the chunk of flesh.
This raw flesh tastes great!
The goblin no longer looks unusually strong.
The goblin hits you with a +0 club.
* * * LOW HITPOINT WARNING * * *
You closely miss the goblin. The goblin barely misses you.
You scratch the goblin.
The goblin is severely wounded.
The goblin barely misses you.
You scratch the goblin.
You kill the goblin!
You scratch the goblin.
The goblin is heavily wounded.
The goblin hits you but does no damage.
You claw the goblin!
You kill the goblin!
The goblin shoots a stone.
The stone hits you.
* * * LOW HITPOINT WARNING * * *
The goblin shoots a stone.
The stone hits you.
You die...

##############
.......@.(ggw#
############.# #.#
####g# # #....#
..gg##########g####
.ggggg..gg..g.....>..#
g#######...w######.#.#
#....#


You could see a worm and 2 goblins.

Vanquished Creatures
  2 dart slugs (D:1)
  A giant cockroach (D:1)
  4 goblins
  A hobgoblin (D:1)
  A ball python (D:1)
  2 bats (D:2)
  A frilled lizard (D:2)
  3 kobolds (D:1)
  6 rats
21 creatures vanquished.

Notes
Turn   | Place    | Note
-------+----------+-------------------------------------------
     0 | D:1      | Borgoz the Ghoul Warper began the quest for the Orb.
     0 | D:1      | Reached XP level 1. HP: 17/17 MP: 2/2
   170 | D:1      | Reached skill level 1 in Armour
   175 | D:1      | Reached XP level 2. HP: 24/25 MP: 3/3
   553 | D:2      | Noticed Robin
   572 | D:2      | Reached skill level 1 in Stealth
   582 | D:2      | HP: 1/25 [goblin/stone[Robin] (4)]
   584 | D:2      | Shot with a stone by a goblin

Skill      XL: |  1  2 |
---------------+-------+-----
Armour         | 1 |  1.2
Spellcasting   | 2 |  2.0
Stealth        | 1 |  1.0
Fighting       | |  2.3
Throwing       | |  0.8
Dodging        | |  1.9
Unarmed Combat | |  2.7
Translocations | |  2.6

Action                   || total
-------------------------++-------
Melee: Unarmed           ||    75
       Punch             ||     1
  Use: Potion            ||     3
       Scroll            ||     4
 Stab: Sleeping          ||     1
  Eat: Chunk             ||     3
Armor: Leather armour    ||    35
Dodge: Dodged            ||    50
